Workbook
Name 応募分野: #REF!
Name 応募分野: #REF!
Name 音楽費: #REF!
Name 会場費: #REF!
Name 会場費・舞台費・運搬費: #REF!
Name 活動区分: #REF!
Name 感染症対策経費: #REF!
Name 稽古費: #REF!
Name 謝金・旅費・宣伝費等: #REF!
Name 出演費・音楽費・文芸費: #REF!
Name 助成対象外経費: #REF!
Name 伝_音楽費: #REF!
Name 伝_出演費: #REF!
Name 伝_文芸費: #REF!
Name 伝大_P61: #REF!
Name 配信費: #REF!
Name 舞台費: #REF!
Name 文芸費: #REF!
Name 旅費: #REF!

Sheet 共通入力シート
A1: ◆各シートと連動しています。入力作業の省力、誤入力防止にご利用ください。◆
A2: 申請施設名(劇場・音楽堂等名)
A3: 住所（郵便番号）
A4: 住所（所在地／都道府県名）
A5: 住所(所在地／市町村以下）
A6: 団体名(主催者）
A7: 住所（郵便番号）
A8: 住所（所在地／都道府県名）
A9: 住所（所在地／市町村以下）
A10: 代表者職
A11: 代表者氏名
A12: 消費税等仕入控除税額の取扱い
... A16: その他の場合の住所（所在地）
B17: ※データ入力用のシートですので、PDFの提出は不要です。

Sheet （表紙）
A1: 様式第１号（第３条関係） | E1: 令和９年度文化芸術振興費補助金による 助 成 金 交 付 要 望 書 （劇場・音楽堂等機能強化推進事業）
K5: 令和 ８ 年 | M5: 月 | O5: 日 | T5: ←応募書類の提出期間内の日付を記載してください。
A7: 独立行政法人日本芸術文化振興会理事長 殿
G9: 劇場・音楽堂等名 | I9: =IF(共通入力シート!B2=0,"",共通入力シート!B2)
I10: 〒 | J10: =IF(共通入力シート!B3=0,"",共通入力シート!B3)
G11: 住所（所在地） | I11: =IF(共通入力シート!B4=0,"",共通入力シート!B4) | J11: =IF(共通入力シート!B5=0,"",共通入力シート!B5)
G13: 団体名 | I13: =IF(共通入力シート!B6=0,"",共通入力シート!B6)
I14: 〒 | J14: =IF(共通入力シート!B7=0,"",共通入力シート!B7)
G15: 住所（所在地） | I15: =IF(共通入力シート!B8=0,"",共通入力シート!B8) | J15: =IF(共通入力シート!B9=0,"",共通入力シート!B9)
G16: 代表者職・氏名 | I16: =IF(共通入力シート!B10=0,"",共通入力シート!B10) | K16: =IF(共通入力シート!B11=0,"",共通入力シート!B11) | T16: すべての項目について、旧氏記載が可能です。
C18: 下記の事業を行いたいので、文化芸術振興費補助金による助成金交付要綱第３条に基づき、助成金の交付を要望します。
A22: 記
B24: 1 | C24: 事 業 区 分 | G24: 共同制作支援事業
B25: 2 | C25: 活動（公演）名 | G25: =IF('様式1-1（活動概要）'!C4=0,"",'様式1-1（活動概要）'!C4) | T25: ←様式1-1を入力すると自動的に入力されます。
B26: 3 | C26: 活動（公演）内容 | G26: 様式１のとおり | Q26: 本体 | R26: BF設備以外 | S26: BF設備
B27: 4 | C27: 要 望 額（本体事業） | G27: =Q30 -> 0 | L27: 千円 | P27: 要望事業一覧の合計 | Q27: ='様式1-1（活動概要）'!C263 -> 0 | R27: ='様式1-1-①（バリアフリー・多言語）'!P143 -> 0 | S27: ='様式1-1-①（バリアフリー・多言語）'!Q143 -> 0
C28: 要 望 額（バリアフリー・多言語対応) | G28: =R30 -> 0 | L28: 千円
B29: 5 | C29: 消費税等仕入控除税額の取扱い | G29: =IF(共通入力シート!$B$12="","",共通入力シート!$B$12) | Q29: 本体 | R29: BF
F30: =IF(共通入力シート!$B$12="","★「共通入力シート」の消費税等仕入控除税額の取扱を選択してください。","") -> ★「共通入力シート」の消費税等仕入控除税額の取扱を選択してください。 | P30: 共同制作の要望額 | Q30: =Q27 -> 0 | R30: =MIN(2500,R27)+S27 -> 0
B31: 【担当者連絡先１】
B32: 役職 | H32: 電話
B33: ふりがな | H33: FAX
B34: 氏名 | H34: メールアドレス
B35: 【担当者連絡先２】※任意
B36: 役職 | H36: 電話
B37: ふりがな | H37: FAX
B38: 氏名 | H38: メールアドレス
B40: 資料の送付先 | D40: 〒 | E40: =IF(共通入力シート!B14="", "", IF(共通入力シート!B14="劇場所在地", 共通入力シート!B3, IF(共通入力シート!B14="団体所在地", 共通入力シート!B7, 共通入力シート!B15)))
D41: =IF(共通入力シート!B14="", "", IF(共通入力シート!B14="劇場所在地", 共通入力シート!B5, IF(共通入力シート!B14="団体所在地", 共通入力シート!B9, 共通入力シート!B16)))

Sheet 様式1-1（活動概要）
B2: 活動（公演）概要
B4: 活動（公演）名
B5: 申請者 （幹事館） | C5: 劇場・ 音楽堂等名 | D5: =IF(共通入力シート!B2=0,"",共通入力シート!B2)
C6: 運営団体名 | D6: =IF(共通入力シート!B6=0,"",共通入力シート!B6)
C7: 会計責任者 | D7: （役 職） | F7: （氏 名） | I7: 監査責任者 | J7: （役 職） | K7: （氏 名）
B10: 劇場・音楽堂等の名称 | C10: 参画する全ての劇場・音楽堂等の名称を記入してください。劇場名の後ろに、（）カッコ書きで運営団体名を併せて記載してください。 （例： 〇〇劇場（△△運営財団） ）
C14: 公演を実施しないものの共同制作として参画する劇場・音楽堂等がある場合は、理由・役割等を記載してください。
B18: 実演芸術団体等の名称 | C18: 参画する全ての実演芸術団体等の名称を記入してください。
B22: 共同制作の企画意図 目的等 | C22: 企画意図・経緯、事業目的・内容、参画する各劇場・音楽堂等における地域の実情やニーズ、対象者 等
B37: 活動（公演）の概要 | C37: 実施日程、実施会場、実施回数等 ※日程等が未定の場合は必ず決定時期を記述してください。
C58: 演目の概略
C59: 【創作種別】 | D59: 「新作」「新演出」「新振付」「翻訳初演」「その他」のいずれかを選択してください。 | J59: （その他： ）
C69: 【新演出・新振付等のポイント】（創作種別にて「新演出」「新振付」を選択した場合は記入してください（必須）。）
B77: 活動（公演）の概要 | C77: 演出家・劇作家・作曲家・振付家、出演者・スタッフ（照明、音響、美術、衣装、舞台監督等）等
C89: 収益性向上のための計画について（券売数の増加、寄付金・協賛金、各種助成・協力の獲得等） ※申請予定のその他の補助金・助成金や寄付金・協賛金については、見込額等と併せてこちらに記述してください（予算書にも記入してください）。
C98: 観客・参加者等の拡大、認知度向上のための計画について
C110: アクセシビリティ向上の取り組みについて ※バリアフリー・多言語対応の経費（様式1-１-①）を要望する場合は、その取組内容を記述してください。（必須） 要望しない場合も、取組内容があれば記載してください。 | J110: バリアフリー・多言語対応 経費の要望有無 | L110: 要選択 | N110: ←プルダウンから選択してください。記載内容の内、バリアフリー・多言語対応の経費に計上している物と、そうでない物とがある場合は「一部」を選んでください。
B116: 企画・制作 スケジュール
B131: 劇場・音楽堂等、実演芸術団体等の役割分担・経費負担
B155: 協賛者名・ 後援者名 等とその役割 | C155: 事業全体に対する協賛・後援等と、参画する各劇場・音楽堂等に対する協賛・後援等を分けて記入してください。
B170: 事業の 目標 | C170: 共同制作を行うことでどのような成果を上げるか、目指すべき芸術的水準や各館の企画制作力の向上等を含め、具体的に記入してください。
B177: 評価指標 | C177: 公演に関する数値目標〔基礎データ〕
C178: 入場者数計 | D178: =SUM(D181,D184,D187,D190,D193,D196,D199,D202) -> 0 | F178: 入場者率（％） | H178: =IFERROR($D178/($I180*$J180+$I183*$J183+$I186*$J186+$I189*$J189+$I192*$J192+$I195*$J195+$I198*$J198+$I201*$J201),"") | J178: 収益率（％） | K178: =IF((L255+L260)=0,"",(F249-F248)/(L255+L260))
C179: 会場名① | F179: 会場状況・ 施設形式等 | H179: 会場の定員数 | I179: 設定席数 | J179: 公演回数 | K179: 補足事項
C181: 入場者数 | F181: 入場者率（％） | H181: =IFERROR(D181/(I180*J180),"")
C182: 会場名② | F182: 会場状況・ 施設形式等 | H182: 会場の定員数 | I182: 設定席数 | J182: 公演回数 | K182: 補足事項
C184: 入場者数 | F184: 入場者率（％） | H184: =IFERROR(D184/(I183*J183),"")
C185: 会場名③ | F185: 会場状況・ 施設形式等 | H185: 会場の定員数 | I185: 設定席数 | J185: 公演回数 | K185: 補足事項
C187: 入場者数 | F187: 入場者率（％） | H187: =IFERROR(D187/(I186*J186),"")
C188: 会場名④ | F188: 会場状況・ 施設形式等 | H188: 会場の定員数 | I188: 設定席数 | J188: 公演回数 | K188: 補足事項
C190: 入場者数 | F190: 入場者率（％） | H190: =IFERROR(D190/(I189*J189),"")
C191: 会場名⑤ | F191: 会場状況・ 施設形式等 | H191: 会場の定員数 | I191: 設定席数 | J191: 公演回数 | K191: 補足事項
C193: 入場者数 | F193: 入場者率（％） | H193: =IFERROR(D193/(I192*J192),"")
C194: 会場名⑥ | F194: 会場状況・ 施設形式等 | H194: 会場の定員数 | I194: 設定席数 | J194: 公演回数 | K194: 補足事項
C196: 入場者数 | F196: 入場者率（％） | H196: =IFERROR(D196/(I195*J195),"")
C197: 会場名⑦ | F197: 会場状況・ 施設形式等 | H197: 会場の定員数 | I197: 設定席数 | J197: 公演回数 | K197: 補足事項
C199: 入場者数 | F199: 入場者率（％） | H199: =IFERROR(D199/(I198*J198),"")
C200: 会場名⑧ | F200: 会場状況・ 施設形式等 | H200: 会場の定員数 | I200: 設定席数 | J200: 公演回数 | K200: 補足事項
C202: 入場者数 | F202: 入場者率（％） | H202: =IFERROR(D202/(I201*J201),"")
C203: ※ 〔必須データ〕及び〔独自データ〕については、採択決定後に提出を求めます。
B205: 【収支予算積算内訳】※A４サイズ１枚以内に収めてください。内訳はできるだけ詳細・明確に記入してください。
B206: （収入） | F206: 単位：千円 | H206: （支出） 助成対象経費 | L206: 単位：千円
B207: 内 訳 | E207: (単位：円) | F207: 予算額 | H207: 内 訳 | K207: (単位：円) | L207: 予算額
B208: ［入場料等収入］ | H208: ［出演費・音楽費・文芸費］ | N208: ←内訳名の下には行を追加しないでください。セルに保護が掛かって入力ができません。
F210: =ROUNDDOWN(SUM(E209:E218)/1000,0) -> 0 | L210: =ROUNDDOWN(SUM(K209:K223)/1000,0) -> 0
B218: ［共催者負担金］（※１）
F220: =ROUNDDOWN(SUM(E219:E224)/1000,0) -> 0
H223: ［舞台費・会場費］
B224: ［補助金・助成金］（※１）
L225: =ROUNDDOWN(SUM(K224:K230)/1000,0) -> 0
F226: =ROUNDDOWN(SUM(E225:E231)/1000,0) -> 0
H230: ［旅費・運搬費］
B231: ［寄付金・協賛金］（※１）
L232: =ROUNDDOWN(SUM(K231:K240)/1000,0) -> 0
F233: =ROUNDDOWN(SUM(E232:E240)/1000,0) -> 0
B240: ［プログラム等の売上収入］ | H240: ［宣伝費・印刷費］
F242: =ROUNDDOWN(SUM(E241:E244)/1000,0) -> 0 | L242: =ROUNDDOWN(SUM(K241:K246)/1000,0) -> 0
B244: ［広告料・その他収入］
F246: =ROUNDDOWN(SUM(E245:E249)/1000,0) -> 0 | H246: ［謝金・諸経費］
B248: ［助成対象経費－自己収入額］ | F248: =L258-F210-F220-F226-F233-F242-F246 -> 0 | L248: =ROUNDDOWN(SUM(K247:K251)/1000,0) -> 0
B249: 合計 | F249: =L258 -> 0
B251: 【消費税等仕入控除額予算書（課税事業者）】 | H251: ［委託費］
B252: 助成対象経費のうち課税対象外経費 | F252: 単位：千円 | N252: ←委託先・内容・経費の内訳が分かるように記載してください。
B253: 項目 | F253: 小計 | L253: =ROUNDDOWN(SUM(K252:K255)/1000,0) -> 0
B254: 出演費・音楽費・文芸費
B255: 舞台費・会場費 | H255: 小計（A） | L255: =SUM(L210,L225,L242,L232,L248,L253) -> 0
B256: 旅費・運搬費 | H256: 消費税等仕入控除税額計（C） 課税事業者の場合は｛小計（A）－課税対象外経費計｝×10 /110 課税事業者以外の場合は0 | L256: =IF(共通入力シート!$B$12="課税事業者",ROUNDDOWN((L255-F260)*10/110,0),0) -> 0
B257: 宣伝費・印刷費
B258: 謝金・諸経費 | H258: 助成対象経費計（D） （小計（A）－消費税等仕入控除税額計（C）） | L258: =L255-L256 -> 0
B259: 委託費
B260: 課税対象外経費計 | F260: =SUM(F255:F259) -> 0 | H260: 助成対象外経費計（B） （助成対象経費以外の経費） | L260: 0
B261: 〇課税対象に該当するか否かは、最寄りの税務署等にて御確認ください。 | H261: =IF(共通入力シート!$B$12="※選択してください。","★「共通入力シート」の消費税等仕入控除税額の取扱を選択してください。","")
B262: 施設名 | C262: =IF(共通入力シート!$B$2=0,"",共通入力シート!$B$2)
B263: 要望額 （※２） | C263: =MAX(0,MIN(INT(L258/2),F248)) -> 0 | F263: 千円 | G263: ※１ すでに内定している金額、申請中の助成金等の見込額、毎年補助を受けていてほぼ 内定が見込まれる金額（おおよその金額が分かるもの）などについて、記入してください。 ※２ 【課税事業者の場合】… 助成対象経費計（D）の１/２、もしくは ［助成対象経費－自己収入額］のいずれか低い方の額 【課税事業者以外の場合】…支出小計（A)の１/２、もしくは ［助成対象経費－自己収入額］のいずれか低い方の額
B265: 活動環境に関するチェックシート
B266: ○以下の設問に対し、当該劇場・音楽堂等の管理運営団体における状況について、「はい」「いいえ」「対応検討中」のいずれかにチェック☑をつけてください。（プルダウンメニューから選択してください。）
B267: １．関係する劇場・音楽堂等それぞれにおいて、専門性と劇場運営に必要な資質を備えた人材の確保、配置が適切に行われている | J267: □はい | K267: □いいえ | L267: □対応検討中
B268: ２．各種ハラスメント防止対策のための指針等を明文化し、具体的な対応策を講じ、職員等に周知している。 | J268: □はい | K268: □いいえ | L268: □対応検討中
B269: ３．芸術家等への仕事の依頼において、適正な契約関係が構築できるよう、ガイドラインにそって書面による契約を行っている。 | J269: □はい | K269: □いいえ | L269: □対応検討中

Sheet 様式1-1-①（バリアフリー・多言語）
B1: 【収支予算積算内訳（公演事業） バリアフリー・多言語対応（別枠支援）】 ※A４サイズ２枚以内に収めてください。
B3: （１） バリアフリー対応
B4: （支出） 助成対象経費 | M4: 単位：千円 | P4: 経費 小計 | R4: 課税対象外 小計
B5: 課税 対象外 | C5: BF設備 | D5: 内 訳 | K5: （単位：円） | L5: 予算額 | P5: BF設備以外 | Q5: BF設備 | R5: BF設備以外 | S5: BF設備
B6: ［文芸費］
C7: - | T7: ←消費税の課税対象外の場合は左の紫色箇所のプルダウンメニューから
C8: - | M8: =P8+Q8 -> 0 | P8: =ROUNDDOWN(SUMIFS($K7:$K15,$C7:$C15,"-")/1000,0) -> 0 | Q8: 0 | R8: =ROUNDDOWN(SUMIFS($K7:$K15,$C7:$C15,"-",$B7:$B15,"○")/1000,0) -> 0 | S8: 0 | T8: 〇を選択してください。
C9: -
C10: -
C11: -
C12: -
C13: -
C14: -
B15: ［舞台費］
C16: -
C17: - | M17: =P17+Q17 -> 0 | P17: =ROUNDDOWN(SUMIFS($K16:$K24,$C16:$C24,"-")/1000,0) -> 0 | Q17: 0 | R17: =ROUNDDOWN(SUMIFS($K16:$K24,$C16:$C24,"-",$B16:$B24,"○")/1000,0) -> 0 | S17: 0
C18: -
C19: -
C20: -
C21: -
C22: -
C23: -
B24: ［会場費］
T25: ←バリアフリー設備（多目的トイレ、授乳室等）の場合は左の橙色箇所のプルダウンメニューから
M26: =P26+Q26 -> 0 | P26: =ROUNDDOWN(SUMIFS($K25:$K33,$C25:$C33,"")/1000,0) -> 0 | Q26: =ROUNDDOWN(SUMIFS($K25:$K33,$C25:$C33,"○")/1000,0) -> 0 | R26: =ROUNDDOWN(SUMIFS($K25:$K33,$C25:$C33,"",$B25:$B33,"○")/1000,0) -> 0 | S26: =ROUNDDOWN(SUMIFS($K25:$K33,$C25:$C33,"○",$B25:$B33,"○")/1000,0) -> 0 | T26: 〇を選択してください。
B33: ［運搬費］
C34: -
C35: - | M35: =P35+Q35 -> 0 | P35: =ROUNDDOWN(SUMIFS($K34:$K42,$C34:$C42,"-")/1000,0) -> 0 | Q35: 0 | R35: =ROUNDDOWN(SUMIFS($K34:$K42,$C34:$C42,"-",$B34:$B42,"○")/1000,0) -> 0 | S35: 0
C36: -
C37: -
C38: -
C39: -
C40: -
C41: -
B42: ［宣伝費］
C43: -
C44: - | M44: =P44+Q44 -> 0 | P44: =ROUNDDOWN(SUMIFS($K43:$K51,$C43:$C51,"-")/1000,0) -> 0 | Q44: 0 | R44: =ROUNDDOWN(SUMIFS($K43:$K51,$C43:$C51,"-",$B43:$B51,"○")/1000,0) -> 0 | S44: 0
C45: -
C46: -
C47: -
C48: -
C49: -
C50: -
B51: ［印刷費］
C52: -
C53: - | M53: =P53+Q53 -> 0 | P53: =ROUNDDOWN(SUMIFS($K52:$K60,$C52:$C60,"-")/1000,0) -> 0 | Q53: 0 | R53: =ROUNDDOWN(SUMIFS($K52:$K60,$C52:$C60,"-",$B52:$B60,"○")/1000,0) -> 0 | S53: 0
C54: -
C55: -
C56: -
C57: -
C58: -
C59: -
B60: ［謝金］
C61: -
C62: - | M62: =P62+Q62 -> 0 | P62: =ROUNDDOWN(SUMIFS($K61:$K69,$C61:$C69,"-")/1000,0) -> 0 | Q62: 0 | R62: =ROUNDDOWN(SUMIFS($K61:$K69,$C61:$C69,"-",$B61:$B69,"○")/1000,0) -> 0 | S62: 0
C63: -
C64: -
C65: -
C66: -
C67: -
C68: -
B69: ［委託費］
T70: ←バリアフリー設備（多目的トイレ、授乳室等）の場合は左の橙色箇所のプルダウンメニューから
M71: =P71+Q71 -> 0 | P71: =ROUNDDOWN(SUMIFS($K70:$K78,$C70:$C78,"")/1000,0) -> 0 | Q71: =ROUNDDOWN(SUMIFS($K70:$K78,$C70:$C78,"○")/1000,0) -> 0 | R71: =ROUNDDOWN(SUMIFS($K70:$K78,$C70:$C78,"",$B70:$B78,"○")/1000,0) -> 0 | S71: =ROUNDDOWN(SUMIFS($K70:$K78,$C70:$C78,"○",$B70:$B78,"○")/1000,0) -> 0 | T71: 〇を選択してください。
B78: 小計（a） | M78: =SUM(M8,M17,M26,M35,M44,M53,M62,M71) -> 0 | O78: =SUM(O8,O17,O26,O35,O44,O53,O62) -> 0 | P78: =SUM(P8,P17,P26,P35,P44,P53,P62,P71) -> 0 | Q78: =SUM(Q8,Q17,Q26,Q35,Q44,Q53,Q62,Q71) -> 0 | R78: =SUM(R8,R17,R26,R35,R44,R53,R62,R71) -> 0 | S78: =SUM(S8,S17,S26,S35,S44,S53,S62,S71) -> 0
B81: （２） 多言語対応
B82: （支出） 助成対象経費 | M82: 単位：千円 | P82: 経費 小計 | R82: 課税対象外 小計
B83: 課税 対象外 | D83: 内 訳 | K83: （単位：円） | L83: 予算額 | P83: BF設備以外 | Q83: BF設備 | R83: BF設備以外 | S83: BF設備
B84: ［文芸費］
C85: -
C86: - | M86: =P86+Q86 -> 0 | P86: =ROUNDDOWN(SUMIFS($K85:$K93,$C85:$C93,"-")/1000,0) -> 0 | Q86: 0 | R86: =ROUNDDOWN(SUMIFS($K85:$K93,$C85:$C93,"-",$B85:$B93,"○")/1000,0) -> 0 | S86: 0
C87: -
C88: -
C89: -
C90: -
C91: -
C92: -
B93: ［舞台費］
C94: -
C95: - | M95: =P95+Q95 -> 0 | P95: =ROUNDDOWN(SUMIFS($K94:$K102,$C94:$C102,"-")/1000,0) -> 0 | Q95: 0 | R95: =ROUNDDOWN(SUMIFS($K94:$K102,$C94:$C102,"-",$B94:$B102,"○")/1000,0) -> 0 | S95: 0
C96: -
C97: -
C98: -
C99: -
C100: -
C101: -
B102: ［運搬費］
C103: -
C104: - | M104: =P104+Q104 -> 0 | P104: =ROUNDDOWN(SUMIFS($K103:$K111,$C103:$C111,"-")/1000,0) -> 0 | Q104: 0 | R104: =ROUNDDOWN(SUMIFS($K103:$K111,$C103:$C111,"-",$B103:$B111,"○")/1000,0) -> 0 | S104: 0
C105: -
C106: -
C107: -
C108: -
C109: -
C110: -
B111: ［印刷費］
C112: -
C113: - | M113: =P113+Q113 -> 0 | P113: =ROUNDDOWN(SUMIFS($K112:$K120,$C112:$C120,"-")/1000,0) -> 0 | Q113: 0 | R113: =ROUNDDOWN(SUMIFS($K112:$K120,$C112:$C120,"-",$B112:$B120,"○")/1000,0) -> 0 | S113: 0
C114: -
C115: -
...

Sheet 様式1-2（劇場・音楽堂、団体概要）
B2: 劇場・音楽堂等、実演芸術団体等の概要 | K2: ←以下、応募時点での内容を入力してください。
B3: ※ 共同制作に参画する全ての劇場・音楽堂等、実演芸術団体について、それぞれ作成してください。 | K3: ←未入力のページは非表示にしてください。
B4: 劇場・音楽堂等 又は 実演芸術団体等の名称 | D4: （ふりがな） | G4: 代表者役職・ 代表者名 | H4: (ふりがな)
H5: （氏名）
B6: 所在地 | D6: 〒
D8: 電話 | G8: FAX
B9: 設立年月 | D9: 年 月 | G9: 法人設立年月 | H9: 年 月
H10: （主務官庁名）
B11: （実演芸術団体等の場合） 団体の受賞歴
D14: 【令和６年度】 | E14: ◆公演名
D15: ◆実施公演数 | F15: 回（公演） | G15: ◆平均入場者率
D16: ◆共同団体
B18: 共同制作支援事業 | D18: ◆事業参加による成果
B19: 参加状況
D20: 【令和７年度】 | E20: ◆公演名
D21: ◆実施公演数 | F21: 回（公演） | G21: ◆平均入場者率
D22: ◆共同団体
D24: ◆事業参加による成果
B27: 主な自主公演の概要 | D27: 令和５年度 | F27: 令和６年度 | H27: 令和７年度
C28: 文化庁又は 日本芸術文化振興会 支援公演 （※１）
C33: 上記以外の 主催公演
C38: 計 | D38: 本（事業費 千円） | F38: 本（事業費 千円） | H38: 本（事業費 千円）
B39: 団体の財務状況 | C39: 総収入 | E39: 千円 | G39: 千円 | I39: 千円
C40: 総支出 | E40: 千円 | G40: 千円 | I40: 千円
C41: 当期損益 | D41: =D39-D40 -> 0 | E41: 千円 | F41: =F39-F40 -> 0 | G41: 千円 | H41: =H39-H40 -> 0 | I41: 千円
C42: 総収入のうち、各種補助金・助成金等受領実績（文化庁及び日本芸術文化振興会の支援・助成を含む）
B46: 公演における 当団体の役割 （※２）
B49: ※１ 支援（助成事業等）の名称と事業（公演）名が分かるように記入してください。 ※２ 「様式１－１ 活動（公演）の概要」と重複しても構いません。
B51: 劇場・音楽堂等、実演芸術団体等の概要 | K51: ←以下、応募時点での内容を入力してください。
B52: ※ 共同制作に参画する全ての劇場・音楽堂等、実演芸術団体について、それぞれ作成してください。 | K52: ←未入力のページは非表示にしてください。
B53: 劇場・音楽堂等 又は 実演芸術団体等の名称 | D53: （ふりがな） | G53: 代表者役職・ 代表者名 | H53: (ふりがな)
H54: （氏名）
B55: 所在地 | D55: 〒
D57: 電話 | G57: FAX
B58: 設立年月 | D58: 年 月 | G58: 法人設立年月 | H58: 年 月
H59: （主務官庁名）
B60: （実演芸術団体等の場合） 団体の受賞歴
D63: 【令和６年度】 | E63: ◆公演名
D64: ◆実施公演数 | F64: 回（公演） | G64: ◆平均入場者率
D65: ◆共同団体
B67: 共同制作支援事業 | D67: ◆事業参加による成果
B68: 参加状況
D69: 【令和７年度】 | E69: ◆公演名
D70: ◆実施公演数 | F70: 回（公演） | G70: ◆平均入場者率
D71: ◆共同団体
D73: ◆事業参加による成果
B76: 主な自主公演の概要 | D76: 令和５年度 | F76: 令和６年度 | H76: 令和７年度
C77: 文化庁又は 日本芸術文化振興会 支援公演 （※１）
C82: 上記以外の 主催公演
C87: 計 | D87: 本（事業費 千円） | F87: 本（事業費 千円） | H87: 本（事業費 千円）
B88: 団体の財務状況 | C88: 総収入 | E88: 千円 | G88: 千円 | I88: 千円
C89: 総支出 | E89: 千円 | G89: 千円 | I89: 千円
C90: 当期損益 | D90: =D88-D89 -> 0 | E90: 千円 | F90: =F88-F89 -> 0 | G90: 千円 | H90: =H88-H89 -> 0 | I90: 千円
C91: 総収入のうち、各種補助金・助成金等受領実績（文化庁及び日本芸術文化振興会の支援・助成を含む）
B95: 公演における 当団体の役割 （※２）
B98: ※１ 支援（助成事業等）の名称と事業（公演）名が分かるように記入してください。 ※２ 「様式１－１ 活動（公演）の概要」と重複しても構いません。
B100: 劇場・音楽堂等、実演芸術団体等の概要 | K100: ←以下、応募時点での内容を入力してください。
B101: ※ 共同制作に参画する全ての劇場・音楽堂等、実演芸術団体について、それぞれ作成してください。 | K101: ←未入力のページは非表示にしてください。
B102: 劇場・音楽堂等 又は 実演芸術団体等の名称 | D102: （ふりがな） | G102: 代表者役職・ 代表者名 | H102: (ふりがな)
H103: （氏名）
B104: 所在地 | D104: 〒
D106: 電話 | G106: FAX
B107: 設立年月 | D107: 年 月 | G107: 法人設立年月 | H107: 年 月
H108: （主務官庁名）
B109: （実演芸術団体等の場合） 団体の受賞歴
D112: 【令和６年度】 | E112: ◆公演名
D113: ◆実施公演数 | F113: 回（公演） | G113: ◆平均入場者率
D114: ◆共同団体
B116: 共同制作支援事業 | D116: ◆事業参加による成果
B117: 参加状況
D118: 【令和７年度】 | E118: ◆公演名
D119: ◆実施公演数 | F119: 回（公演） | G119: ◆平均入場者率
D120: ◆共同団体
D122: ◆事業参加による成果
B125: 主な自主公演の概要 | D125: 令和５年度 | F125: 令和６年度 | H125: 令和７年度
C126: 文化庁又は 日本芸術文化振興会 支援公演 （※１）
C131: 上記以外の 主催公演
C136: 計 | D136: 本（事業費 千円） | F136: 本（事業費 千円） | H136: 本（事業費 千円）
B137: 団体の財務状況 | C137: 総収入 | E137: 千円 | G137: 千円 | I137: 千円
C138: 総支出 | E138: 千円 | G138: 千円 | I138: 千円
C139: 当期損益 | D139: =D137-D138 -> 0 | E139: 千円 | F139: =F137-F138 -> 0 | G139: 千円 | H139: =H137-H138 -> 0 | I139: 千円
C140: 総収入のうち、各種補助金・助成金等受領実績（文化庁及び日本芸術文化振興会の支援・助成を含む）
B144: 公演における 当団体の役割 （※２）
B147: ※１ 支援（助成事業等）の名称と事業（公演）名が分かるように記入してください。 ※２ 「様式１－１ 活動（公演）の概要」と重複しても構いません。
B149: 劇場・音楽堂等、実演芸術団体等の概要 | K149: ←以下、応募時点での内容を入力してください。
B150: ※ 共同制作に参画する全ての劇場・音楽堂等、実演芸術団体について、それぞれ作成してください。 | K150: ←未入力のページは非表示にしてください。
B151: 劇場・音楽堂等 又は 実演芸術団体等の名称 | D151: （ふりがな） | G151: 代表者役職・ 代表者名 | H151: (ふりがな)
H152: （氏名）
B153: 所在地 | D153: 〒
D155: 電話 | G155: FAX
B156: 設立年月 | D156: 年 月 | G156: 法人設立年月 | H156: 年 月
H157: （主務官庁名）
B158: （実演芸術団体等の場合） 団体の受賞歴
D161: 【令和６年度】 | E161: ◆公演名
D162: ◆実施公演数 | F162: 回（公演） | G162: ◆平均入場者率
D163: ◆共同団体
B165: 共同制作支援事業 | D165: ◆事業参加による成果
B166: 参加状況
D167: 【令和７年度】 | E167: ◆公演名
D168: ◆実施公演数 | F168: 回（公演） | G168: ◆平均入場者率
...

Sheet 様式1-3（略歴）
B1: 略 歴 | I1: ←以下、応募時点での内容を入力してください。
I2: ←未入力のページは非表示にしてください。
B3: ※ 共同制作に参画する全ての劇場・音楽堂等、実演芸術団体等について、それぞれ作成してください。
B4: 劇場・音楽堂等又は 実演芸術団体等の名称
B7: 【代表者略歴】 ※芸術監督等が代表者を兼ねている場合は、「個人略歴」へ記入
B8: 氏名 | C8: （ふりがな） | F8: （ふりがな）
C9: （本名） | F9: （芸名）
B11: 現職
B13: 経歴 | C13: 年 月 | D13: 職歴等
B25: 【個人略歴】（活動の芸術的内容に関する責任者としての芸術監督等）
B26: 氏名 | C26: （ふりがな） | F26: （ふりがな）
C27: （本名） | F27: （芸名）
B29: 現職 | G29: （専門分野）
B31: 経歴 | C31: 年 月 | D31: 職歴・実演芸術団体所属歴
B42: 芸術活動歴, 受賞歴等 | C42: 年 月 | D42: 芸術活動歴・受賞歴等
B51: 略 歴 | I51: ←以下、応募時点での内容を入力してください。
I52: ←未入力のページは非表示にしてください。
B53: ※ 共同制作に参画する全ての劇場・音楽堂等、実演芸術団体等について、それぞれ作成してください。
B54: 劇場・音楽堂等又は 実演芸術団体等の名称
B57: 【代表者略歴】 ※芸術監督等が代表者を兼ねている場合は、「個人略歴」へ記入
B58: 氏名 | C58: （ふりがな） | F58: （ふりがな）
C59: （本名） | F59: （芸名）
B61: 現職
B63: 経歴 | C63: 年 月 | D63: 職歴等
B75: 【個人略歴】（活動の芸術的内容に関する責任者としての芸術監督等）
B76: 氏名 | C76: （ふりがな） | F76: （ふりがな）
C77: （本名） | F77: （芸名）
B79: 現職 | G79: （専門分野）
B81: 経歴 | C81: 年 月 | D81: 職歴・実演芸術団体所属歴
B92: 芸術活動歴, 受賞歴等 | C92: 年 月 | D92: 芸術活動歴・受賞歴等
B101: 略 歴 | I101: ←以下、応募時点での内容を入力してください。
I102: ←未入力のページは非表示にしてください。
B103: ※ 共同制作に参画する全ての劇場・音楽堂等、実演芸術団体等について、それぞれ作成してください。
B104: 劇場・音楽堂等又は 実演芸術団体等の名称
B107: 【代表者略歴】 ※芸術監督等が代表者を兼ねている場合は、「個人略歴」へ記入
B108: 氏名 | C108: （ふりがな） | F108: （ふりがな）
C109: （本名） | F109: （芸名）
B111: 現職
B113: 経歴 | C113: 年 月 | D113: 職歴等
B125: 【個人略歴】（活動の芸術的内容に関する責任者としての芸術監督等）
B126: 氏名 | C126: （ふりがな） | F126: （ふりがな）
C127: （本名） | F127: （芸名）
B129: 現職 | G129: （専門分野）
B131: 経歴 | C131: 年 月 | D131: 職歴・実演芸術団体所属歴
B142: 芸術活動歴, 受賞歴等 | C142: 年 月 | D142: 芸術活動歴・受賞歴等
B151: 略 歴 | I151: ←以下、応募時点での内容を入力してください。
I152: ←未入力のページは非表示にしてください。
B153: ※ 共同制作に参画する全ての劇場・音楽堂等、実演芸術団体等について、それぞれ作成してください。
B154: 劇場・音楽堂等又は 実演芸術団体等の名称
B157: 【代表者略歴】 ※芸術監督等が代表者を兼ねている場合は、「個人略歴」へ記入
B158: 氏名 | C158: （ふりがな） | F158: （ふりがな）
C159: （本名） | F159: （芸名）
B161: 現職
B163: 経歴 | C163: 年 月 | D163: 職歴等
B175: 【個人略歴】（活動の芸術的内容に関する責任者としての芸術監督等）
B176: 氏名 | C176: （ふりがな） | F176: （ふりがな）
C177: （本名） | F177: （芸名）
B179: 現職 | G179: （専門分野）
B181: 経歴 | C181: 年 月 | D181: 職歴・実演芸術団体所属歴
B192: 芸術活動歴, 受賞歴等 | C192: 年 月 | D192: 芸術活動歴・受賞歴等
B201: 略 歴 | I201: ←以下、応募時点での内容を入力してください。
I202: ←未入力のページは非表示にしてください。
B203: ※ 共同制作に参画する全ての劇場・音楽堂等、実演芸術団体等について、それぞれ作成してください。
B204: 劇場・音楽堂等又は 実演芸術団体等の名称
B207: 【代表者略歴】 ※芸術監督等が代表者を兼ねている場合は、「個人略歴」へ記入
B208: 氏名 | C208: （ふりがな） | F208: （ふりがな）
C209: （本名） | F209: （芸名）
B211: 現職
B213: 経歴 | C213: 年 月 | D213: 職歴等
B225: 【個人略歴】（活動の芸術的内容に関する責任者としての芸術監督等）
B226: 氏名 | C226: （ふりがな） | F226: （ふりがな）
C227: （本名） | F227: （芸名）
B229: 現職 | G229: （専門分野）
B231: 経歴 | C231: 年 月 | D231: 職歴・実演芸術団体所属歴
B242: 芸術活動歴, 受賞歴等 | C242: 年 月 | D242: 芸術活動歴・受賞歴等
B251: 略 歴 | I251: ←以下、応募時点での内容を入力してください。
I252: ←未入力のページは非表示にしてください。
B253: ※ 共同制作に参画する全ての劇場・音楽堂等、実演芸術団体等について、それぞれ作成してください。
B254: 劇場・音楽堂等又は 実演芸術団体等の名称
B257: 【代表者略歴】 ※芸術監督等が代表者を兼ねている場合は、「個人略歴」へ記入
B258: 氏名 | C258: （ふりがな） | F258: （ふりがな）
C259: （本名） | F259: （芸名）
B261: 現職
B263: 経歴 | C263: 年 月 | D263: 職歴等
B275: 【個人略歴】（活動の芸術的内容に関する責任者としての芸術監督等）
B276: 氏名 | C276: （ふりがな） | F276: （ふりがな）
C277: （本名） | F277: （芸名）
B279: 現職 | G279: （専門分野）
B281: 経歴 | C281: 年 月 | D281: 職歴・実演芸術団体所属歴
B292: 芸術活動歴, 受賞歴等 | C292: 年 月 | D292: 芸術活動歴・受賞歴等
B301: 略 歴 | I301: ←以下、応募時点での内容を入力してください。
I302: ←未入力のページは非表示にしてください。
B303: ※ 共同制作に参画する全ての劇場・音楽堂等、実演芸術団体等について、それぞれ作成してください。
B304: 劇場・音楽堂等又は 実演芸術団体等の名称
B307: 【代表者略歴】 ※芸術監督等が代表者を兼ねている場合は、「個人略歴」へ記入
B308: 氏名 | C308: （ふりがな） | F308: （ふりがな）
C309: （本名） | F309: （芸名）
B311: 現職
B313: 経歴 | C313: 年 月 | D313: 職歴等
B325: 【個人略歴】（活動の芸術的内容に関する責任者としての芸術監督等）
...

Sheet A-3自己申告書
A2: 令和9年度 助成金交付要望書 組織運営等に関する自己申告書 | K2: Ａ－３
G5: 団体名 | H5: =IF(共通入力シート!B6=0,"",共通入力シート!B6) | L5: 青色セルは自動で入力されます。
G6: 代表者役職名・氏名 | H6: =IF(共通入力シート!B10=0,"",共通入力シート!B10 & " " & 共通入力シート!B11) | L6: 0 | M6: 0 | N6: 0 | O6: 0
A8: 当団体の運営状況等については次のとおりです。なお、当団体の代表者として、本申告書の内容に虚偽がないことを誓約します。
A10: 運営
A11: １．定款等
B12: 〇定款等を適切に定めている。
B13: 備考 | L13: 「該当なし」を選択した場合や補足事項がある場合は備考に詳細をご記入ください
A15: ２．意思決定機関
B16: ○団体の意思等を決定する機関（社員総会、評議員会等）を設置している。
B17: ○理事会等を定期的に開催している。
B18: ○理事会等の議事録を作成している。
B19: ○事業計画及び収支予算並びに事業報告及び収支決算について理事会等の決議を経ている。
B20: 備考 | L20: 「該当なし」を選択した場合や補足事項がある場合は備考に詳細をご記入ください
B22: 次の設問は、理事会・評議員会を設置している場合のみ回答してください。
B23: 〇理事会・評議員会の構成についてジェンダーバランスに配慮している。
C24: （「はい」の場合）配慮の具体的な内容
A28: ３．運営事務
B29: ○経理責任者は明確になっている。
B30: ○現預金の出納責任者は明確になっている。
B31: ○銀行印の管理責任者は明確になっている。 | L31: 銀行印を保有していない団体は、「該当なし」を選択してください。
B32: ○事務の執行に当たっては、各担当者の権限と責任が明確になっている。
B33: 〇業者選定等に関する規程等を整備している。
C34: （「はい」の場合）整備している規程等の具体的な内容
B37: ○予算執行に係る全ての証憑（契約書・領収書等）を善良な管理者の注意をもって５年間以上保管している。
B38: 〇利益相反取引を行っていない（適切な承認手続きを経たものを除く）。
B39: ※利益相反取引とは、団体の関係者の利益と団体の利益が対立する、または対立するおそれのある取引のことを指す。
B40: ○手許現金有高は、定期的に出納担当者以外の者が出納簿と照合している。
B41: ○法人税や消費税、源泉所得税等で必要な申告義務を適切に実施している。
B42: 備考 | L42: 「該当なし」を選択した場合や補足事項がある場合は備考に詳細をご記入ください
A44: 財務
A45: ４．財務諸表等
B46: ○会計帳簿（仕訳帳・総勘定元帳等）を作成している。
B47: ○財務諸表（貸借対照表・損益計算書等）を作成している。
B48: ○財務諸表（貸借対照表・損益計算書等）を公表している。
B49: ※本項目における「公表」とは、ウェブサイトに掲載していること、もしくは事務所に備え付け一般からの要望があれば常に閲覧できる状態にしていることを指す。
B50: 備考 | L50: 「該当なし」を選択した場合や補足事項がある場合は備考に詳細をご記入ください
A52: ５．監査
B53: 〇実施している監査の種類
C54: （当てはまるものにチェックを入れ、右側に必要事項を記入）
C55: 外部監査 （監査法人、公認会計士による会計監査） | F55: 監査法人、公認会計士の名称
F56: 直近の監査報告書の提出日 | H56: 令和 年 月 日
C57: 内部監査 （監事監査、監査役監査による会計監査） | F57: 監事監査、監査役監査の氏名
F58: 直近の監査報告書の提出日 | H58: 令和 年 月 日
C59: 内部監査に準じた監査 | F59: 監査の具体的内容および 監査報告書作成の有無
B61: 備考 | L61: 補足事項がある場合は備考に詳細をご記入ください
A63: 活動環境
A64: ６．労務管理・契約状況
B65: 〇団体として労働基準法が適用される出演者・スタッフ等を雇用している。
B66: 備考 | L66: 「その他」を選択した場合や補足事項がある場合は備考に詳細をご記入ください
B68: 以下は、団体として労働基準法が適用される出演者・スタッフ等を雇用している場合のみ回答してください。 団体内部に上記の雇用者がいない場合、「外部との取引」から先を続けて記入してください。
B69: 団体内部 雇用契約状況について
B70: 〇労働基準法令に則り、就業規則を定め（※）、雇用者の労働時間・休憩・休日等を適切に管理している。 ※常時10人以上の雇用者がいる場合には就業規則の作成および事業所の所在地を管轄する労働基準監督署への届出が必要。 | L70: 労働基準法に基づく管理のポイントは、以下の厚生労働省のホームページ等でご自身でご確認ください。 ◆厚生労働省 労働基準関係リーフレット「労働基準法の基礎知識」 https://www.mhlw.go.jp/stf/seisakunitsuite/bunya/0000056460.html
B71: 〇雇用契約書の取り交わし等、雇用者に対して書面により労働条件（※）を明示している。 ※書面により明示すべき労働条件は法令で定められている。
C72: （「はい」の場合）労働条件の明示の方法（契約書、その他） | L72: 雇用契約書（労働条件通知書）のひな型は、以下の厚生労働省のホームページ等でご自身でご確認ください。 ◆厚生労働省 主要様式ダウンロードコーナー（労働基準法等関係主要様式） https://www.mhlw.go.jp/stf/seisakunitsuite/bunya/koyou_roudou/roudoukijun/roudoukijunkankei.html
D73: その他の場合には具体的方法を記入→
B75: ○雇用者に対し、労務提供に対する報酬（賃金）条件を明確に定め、適切に支払っている。
B76: ※報酬（賃金）は通貨で、直接全額を、毎月１回以上、一定の期日を定め、最低賃金以上にて、支払う必要がある。
B77: ○雇用者を社会保険（健康保険、厚生年金保険、介護保険）に加入させている。 | L77: 社会保険の加入要件については、以下の厚生労働省のホームページ等でご自身でご確認ください。 ◆厚生労働省 社会保険適用拡大特設サイト「社会保険加入の対象者」 https://www.mhlw.go.jp/tekiyoukakudai/
B78: ※加入義務を有する有給職員を雇用していない場合等については、「該当なし」を選択すること。
B79: ○雇用者を労働保険（労災保険、雇用保険）に加入させている。
B80: ※加入義務を有する有給職員を雇用していない場合等については、「該当なし」を選択すること。
B81: 備考 | L81: 「該当なし」を選択した場合や補足事項がある場合は備考に詳細をご記入ください
B83: 外部との取引
B84: 〇外部と取引を行う際に書面での契約を事前に行っている。
B85: （「はい」の場合は以下の当てはまるもの全てにチェック）
C87: ①契約を行う相手方 | E87: 出演者 | F87: スタッフ | G87: 外部業者 | H87: その他 | I87: （ ）
C88: ②契約方法 | E88: 契約書 | F88: メール | G88: その他 | H88: （ ）
B90: 〇外部の出演者等に対し、規則等で出演料・稽古料等の単価を定めている。
B91: （「はい」の場合は以下の当てはまるもの全てにチェック）
C93: 給与 出演料 稽古料 報酬等（ ）
B95: 備考 | L95: 「該当なし」を選択した場合や補足事項がある場合は備考に詳細をご記入ください
B98: ハラスメント防止対策 | L98: ハラスメント等を防止するために必要な措置
B99: 〇法令等に則り、適切なハラスメント防止対策（方針の明確化・周知啓発、相談体制の整備、事案発生時の対応、プライバシー保護等）を行っている。 ※法令等では、パワー・ハラスメント、セクシャル・ハラスメント、マタニティ・ハラスメント等を防止するために必要な措置を講じることが義務づけられている。 ※ハラスメント防止対策は、雇用者のみならず、フリーランス等との関係でも同様の対応が求められているため、 「フリーランス・事業者間取引適正化等法」の遵守状況を確認する際にも併せて確認すること。 | L99: １．事業主の方針の明確化およびその周知・啓発 ・ハラスメントにあたる行為の内容・ハラスメントがあってはならない旨の方針を明確化し、団体内および関係者に周知・啓発すること。 ・ハラスメント行為者に対しては厳正に対処する旨の方針を就業規則等の文書に規定し、団体内および関係者に周知・啓発すること。 ２．相談（苦情を含む）に応じ、適切に対応するために必要な体制の整備 ・相談窓口をあらかじめ定め、団体内および関係者に周知すること。 ・相談窓口担当者が、内容や状況に応じ適切に対応できるようにすること。 ３．ハラスメントに係る事後の迅速かつ適切な対応 ・事実関係を迅速かつ正確に確認すること ・事実確認ができた場合には、速やかに被害者に対する配慮の措置を適正に行うこと。 ・事実確認ができた場合には、行為者に対する措置を適正に行うこと。 ・再発防止に向けた措置を講ずること（事実が確認できなかった場合も同様）。 ４．１から３までの措置と併せて講ずべき措置 ・相談者・行為者等のプライバシーを保護するために必要な措置を講じ、団体内および関係者に周知すること。 ・相談したこと、事実関係の確認に協力したこと等を理由として不利益な扱いを行ってはならない旨を定め、団体内および関係者に周知・啓発すること。 詳細は、関係省庁のホームページ等をご自身でご確認ください。 ◆厚生労働省 職場におけるハラスメントの防止のために （セクシュアルハラスメント/妊娠・出産等、育児・介護休業等に関するハラスメント/パワーハラスメント） https://www.mhlw.go.jp/stf/seisakunitsuite/bunya/koyou_roudou/koyoukintou/seisaku06/index.html
B100: （「はい」の場合）具体的な内容について記入してください。
B104: 安全管理（事故防止）対策 | L104: 詳細は、関係省庁のホームページ等をご自身でご確認ください。 ◆厚生労働省 安全・衛生 https://www.mhlw.go.jp/stf/seisakunitsuite/bunya/koyou_roudou/roudoukijun/anzen/index.html ◆厚生労働省 職場のあんぜんサイト https://anzeninfo.mhlw.go.jp/
B105: 〇出演者・スタッフ等の安全を確保するための管理体制を整備し、活動に伴う事故防止に必要な対策を実施している。
